 Dungeon Crawl Stone Soup version 0.31-a0-230-g09eb5fc4d3 (webtiles) character file.

Game seed: 3563991393110578798

362 qw the Shooter (level 6, -3/37 HPs)
             Began as a Gargoyle Hexslinger on July 6, 2023.
             Slain by a black bear (5 damage)
             ... on level 4 of the Dungeon.
             The game lasted 00:01:00 (2841 turns).

qw the Shooter (Gargoyle Hexslinger)                Turns: 2841, Time: 00:01:01

Health: -3/37      AC:  8    Str: 12    XL:     6   Next: 66%
Magic:  7/7        EV: 11    Int: 18    God:
Gold:   195        SH:  0    Dex: 14    Spells: 6/7 levels left

rFire   . . .        Y - +3 sling
rCold   + . .        (no shield)
rNeg    + . .        f - +0 leather armour of the Spider Nest {rC+ Int+5 Stlth+}
rPois   inf          (no helmet)
rElec   +            c - +0 cloak
rCorr   .            (no gloves)
SInv    .            (no boots)
Will    .....        i - amulet of the acrobat
Stlth   ++           (no ring)
HPRegen 0.26/turn    (no ring)
MPRegen 0.10/turn

%: acrobat
@: no status effects
A: sickness immunity, AC +4, negative energy resistance 1, electricity
resistance, torment resistance 1, petrification resistance
a: no special abilities


You were on level 4 of the Dungeon.
You visited 1 branch of the dungeon, and saw 4 of its levels.

You collected 195 gold pieces.


Innate Abilities, Weirdness & Mutations

You are immune to sickness and miasma.
Your stone body is resilient. (AC +4)
You are immune to poison.
You resist negative energy. (rN+)
You are resistant to electric shocks. (rElec)
You are resistant to unholy torment.
You are immune to petrification.


   Skills:
 + Level 3.4 Fighting
 - Level 6.0 Ranged Weapons
 - Level 1.0 Armour
 - Level 1.5 Dodging
 - Level 1.0 Spellcasting
 - Level 2.6 Hexes


You had 6 spell levels left.
You knew the following spells:

 Your Spells              Type           Power      Damage    Failure   Level
a - Slow                  Hex            40%        N/A       9%          1

Your spell library contained the following spells:

 Spells                   Type           Power      Damage    Failure   Level
 Inner Flame              Hex/Fire       5%         N/A       41%         3
 Portal Projectile        Hex/Tloc       10%        N/A       41%         3
 Cause Fear               Hex            5%         N/A       63%         4

Inventory:

Hand Weapons
 Y - a +3 sling (weapon)
Armour
 b - a +0 helmet
 c - a +0 cloak (worn)
 e - a +0 ring mail
 f - the +0 leather armour of the Spider Nest (worn) {rC+ Int+5 Stlth+}
   (You found it on level 3 of the Dungeon)

   Int:       It affects your intelligence (+5).
   rC:        It protects you from cold.
   Stlth:     It makes you more stealthy.
 l - the +2 robe of Coepn {Contam Will+ Dex+5}
   (You found it on level 4 of the Dungeon)

   Dex:       It affects your dexterity (+5).
   Contam:    It causes magical contamination when unequipped.
   Will:      It increases your willpower.
Jewellery
 i - an amulet of the acrobat (around neck)
 j - a ring of wizardry
Scrolls
 a - 3 scrolls of identify
 h - a scroll of teleportation
Potions
 d - a potion of might {unknown}
 g - a potion of curing {unknown}
 k - a potion of haste {unknown}

Dungeon Overview and Level Annotations

Branches:
Dungeon (4/15)
 Temple: D:4-7

Altars:
Vehumet

Annotations:
D:3 1 runed translucent door, Crazy Yiuf


Message History

The black bear is severely wounded.
The black bear bites you.
The black bear claws you but does no damage. x2
You shoot a sling bullet.
The sling bullet barely misses the black bear.
The black bear bites you. The black bear claws you.
The black bear claws you but does no damage.
You shoot a sling bullet.
The sling bullet hits the black bear but does no damage.
The black bear is severely wounded.
The black bear bites you. The black bear barely misses you.
The black bear claws you.
You shoot a sling bullet.
The sling bullet barely misses the black bear.
The black bear bites you. The black bear claws you. x2
You shoot a sling bullet.
The sling bullet barely misses the black bear.
The black bear bites you. The black bear closely misses you.
The black bear claws you but does no damage.
You shoot a sling bullet. The sling bullet hits the black bear!
The black bear is almost dead.
The black bear barely misses you.
The black bear claws you but does no damage.
The black bear claws you.
You shoot a sling bullet. The sling bullet hits the black bear.
The black bear is almost dead.
The black bear barely misses you.
The black bear claws you but does no damage.
The black bear misses you.
The black bear goes berserk!
You shoot a sling bullet.
The sling bullet barely misses the black bear.
The black bear bites you. The black bear claws you.
The black bear barely misses you.
You shoot a sling bullet. The sling bullet hits the black bear.
The black bear is almost dead.
The black bear misses you. The black bear claws you.
The black bear claws you but does no damage.
The black bear bites you but does no damage.
The black bear claws you. x2
You die...

.................................
####.#.......#.#...#....#######.#
# #...#######.###.#.##.# #.# #
##### #.###......# #.# #
#.......#..# #.. # #####.#####%#
### # ##########[.......)#.# #
#........#$#.#.#.#(#.# #
#.######.##..@....##.# #
#.#)...#.####h#.###..# #
#.#%#)##.##.......#..#
####.#.#.##.###.#.#.##..#
.....#)#......##...##
######.########..#.. #)#......##.
.# #)#.....<.## ## #.#######.#


You could see a black bear (berserk).

Vanquished Creatures
  A black bear (D:4)
  2 scorpions (D:4)
  Robin (D:4)
  4 gnolls
  3 adders (D:4)
  2 worms
  5 dart slugs
  4 endoplasms
  10 goblins
  7 hobgoblins
  4 jackals (D:3)
  2 quokkas
  4 ball pythons
  2 bats
  A frilled lizard (D:1)
  4 kobolds
  8 rats
64 creatures vanquished.

Notes
Turn   | Place    | Note
-------+----------+-------------------------------------------
     0 | D:1      | qw the Gargoyle Hexslinger began the quest for the Orb.
     0 | D:1      | Reached XP level 1. HP: 12/12 MP: 2/2
     0 | D:1      | 0 ||| qw: Version: 0.3-a-46-gb1f654a
     0 | D:1      | 0 ||| qw: Game counter: 1792
     0 | D:1      | 0 ||| qw: Melee chars always use a shield: true
     0 | D:1      | 0 ||| qw: God list: Okawaru
     0 | D:1      | 0 ||| qw: Allow faded altars: false
     0 | D:1      | 0 ||| qw: Do Orc after clearing Dungeon:15 true
     0 | D:1      | 0 ||| qw: Do second Lair branch before Depths: true
     0 | D:1      | 0 ||| qw: Lair rune preference: random
     0 | D:1      | 0 ||| qw: Goals: Normal
     0 | D:1      | 0 ||| PLANNING D:1-11
    48 | D:1      | HP: 2/12 [gnoll/+0 whip (5)]
    50 | D:1      | Reached XP level 2. HP: 3/16 MP: 3/3
   192 | D:1      | Reached skill level 3 in Ranged Weapons
   455 | D:1      | Reached XP level 3. HP: 21/21 MP: 4/4
  1033 | D:1      | 1033 ||| UPGRADING to +0 ring mail.
  1043 | D:1      | 1043 ||| DROPPING +0 robe.
  1044 | D:1      | 1044 ||| READING scroll labelled RIRERI YRUNAU.
  1047 | D:1      | 1047 ||| READING 2 scrolls labelled MEUCKAR LEAPH.
  1048 | D:1      | 1048 ||| READING scroll labelled FEHAZIALUSS.
  1049 | D:1      | 1049 ||| READING scroll labelled HAUZXA TUMU.
  1050 | D:1      | 1050 ||| READING scroll labelled WUSIV NYITYMPA.
  1051 | D:1      | 1051 ||| READING 2 scrolls labelled HYNEUCKIUMIN.
  1052 | D:1      | 1052 ||| READING scroll of enchant weapon.
  1052 | D:1      | 1052 ||| ENCHANTING +2 sling.
  1053 | D:1      | 1053 ||| DROPPING scroll of poison.
  1054 | D:1      | 1054 ||| DROPPING scroll of immolation.
  1118 | D:2      | Reached skill level 4 in Ranged Weapons
  1118 | D:2      | Reached XP level 4. HP: 10/26 MP: 5/5
  1204 | D:2      | Found a radiant altar of Vehumet.
  1502 | D:2      | Reached skill level 1 in Armour
  1721 | D:2      | 1721 ||| UPGRADING to +0 cloak.
  1726 | D:2      | 1726 ||| READING scroll labelled CANURESSUI.
  1809 | D:3      | Identified the +0 leather armour of the Spider Nest {rC+
                  | Int+5 Stlth+}
  1946 | D:3      | Found a runed translucent door.
  1947 | D:3      | Noticed Crazy Yiuf
  2346 | D:3      | 2346 ||| UPGRADING to +0 leather armour of the Spider Nest
                  | {rC+ Int+5 Stlth+}.
  2356 | D:3      | 2356 ||| UPGRADING to amulet of the acrobat.
  2361 | D:3      | 2361 ||| READING 2 scrolls of identify.
  2361 | D:3      | 2361 ||| IDENTIFYING ruby potion
  2362 | D:3      | 2362 ||| DROPPING potion of degeneration.
  2417 | D:4      | Noticed Robin
  2428 | D:4      | Killed Robin
  2429 | D:4      | Reached XP level 5. HP: 27/30 MP: 6/6
  2527 | D:4      | Reached skill level 5 in Ranged Weapons
  2696 | D:4      | Reached skill level 3 in Fighting
  2696 | D:4      | Reached XP level 6. HP: 37/37 MP: 7/7
  2723 | D:4      | Noticed a black bear
  2733 | D:4      | Killed a black bear
  2734 | D:4      | Reached skill level 6 in Ranged Weapons
  2748 | D:4      | 2748 ||| FLEEEEING.
  2749 | D:4      | 2749 ||| FLEEEEING.
  2750 | D:4      | 2750 ||| FLEEEEING.
  2822 | D:4      | Identified the +2 robe of Coepn {Contam Will+ Dex+5}
  2825 | D:4      | Noticed a black bear
  2841 | D:4      | HP: 4/37 [black bear (6)]
  2841 | D:4      | Slain by a black bear

Levels and vault maps discovered:
D:1:      wheals_arrival_linesprint, layout_basic
D:2:      layout_loops_ring, basic_altar, minmay_misc_feat_diagonals, hex_large
D:3:      layout_basic, uniq_crazy_yiuf_cottage
D:4:      minmay_spotlight, layout_basic, kennysheep_slug_shrine, uniq_robin

Skill      XL: |  1  2  3  4  5  6 |
---------------+-------------------+-----
Ranged Weapons | 3 4 5 6 |  6.0
Fighting       | 2 3 |  3.4
Armour         | 1 |  1.0
Dodging        | |  1.5
Spellcasting   | |  1.0
Hexes          | |  2.6

Action                     |  1- 3 |  4- 6 || total
---------------------------+-------+-------++-------
   Fire: Sling             |   112 |   137 ||   249
    Use: Scroll            |     7 |     2 ||     9
 Armour: Robe              |    21 |       ||    21
         Ring mail         |     2 |    14 ||    16
         Leather armour    |       |    28 ||    28
  Dodge: Dodged            |    54 |    54 ||   108

Table legend:
 A = Non-vault XP
 B = Vault XP
 C = Vault XP percentage of total XP
 D = Non-vault monster count
 E = Vault monster count
 F = Vault count percentage of total count
                 A         B        C        D         E       F
            +---------+---------+-------+---------+---------+-------
      Total |     489 |      29 |   5.6 |      56 |       8 |  12.5
            +---------+---------+-------+---------+---------+-------
        D:1 |      48 |       0 |   0.0 |      21 |       0 |   0.0
        D:2 |      69 |       0 |   0.0 |      14 |       0 |   0.0
        D:3 |      21 |       0 |   0.0 |       9 |       0 |   0.0
        D:4 |     351 |      29 |   7.6 |      12 |       8 |  40.0
            +---------+---------+-------+---------+---------+-------
